 Dungeon Crawl Stone Soup version 0.30-a0-782-ge64f9170bb (webtiles) character file.

Game seed: 3354097021923724792

1463 HoaS the Skirmisher (level 8, -2/43 HPs)
             Began as a Deep Elf Hunter on Mar 9, 2023.
             Was a Believer of Zin.
             Engulfed by a steam dragon's steam (7 damage)
             ... on level 6 of the Dungeon.
             The game lasted 00:12:52 (5495 turns).

HoaS the Skirmisher (Deep Elf Hunter)               Turns: 5495, Time: 00:12:53

Health: -2/43      AC:  5    Str:  8    XL:     8   Next: 48%
Magic:  13/13      EV: 12    Int: 15    God:    Zin [**....]
Gold:   309        SH:  0    Dex: 20    Spells: 7/7 levels left

rFire   . . .      SeeInvis .    a - +2 shortbow
rCold   . . .      Faith    .    (shield currently unavailable)
rNeg    + . .      Spirit   .    c - +0 leather armour
rPois   .          Reflect  .    d - +0 helmet
rElec   .          Harm     .    j - +0 cloak
rCorr   .          Rampage  .    (no gloves)
Will    +....                    (no boots)
Stlth   ++                       (no amulet)
HPRegen 0.27/turn                x - ring of positive energy
MPRegen 0.13/turn                s - ring of willpower

@: no status effects
A: no striking features
a: Renounce Religion, Recite, Vitalisation, Donate Gold


You were on level 6 of the Dungeon.
You worshipped Zin.
Zin was pleased with you.
You visited 2 branches of the dungeon, and saw 7 of its levels.

You collected 343 gold pieces.
You donated 34 gold pieces to Zin.

Inventory:

Hand Weapons
 a - a +2 shortbow (weapon)
Armour
 c - a +0 leather armour (worn)
 d - a +0 helmet (worn)
 j - a +0 cloak (worn)
Jewellery
 n - a ring of flight
 s - a ring of willpower (right hand)
 x - a ring of positive energy (left hand)
Wands
 f - a wand of digging (4)
 k - a wand of mindburst (19)
 o - a wand of flame (1)
 q - a wand of roots (16)
Scrolls
 b - 3 scrolls of immolation
 e - 2 scrolls of fear
 t - a scroll of blinking
 u - a scroll of teleportation
Potions
 g - a potion of heal wounds
 h - a potion of resistance
 i - a potion of curing
 l - a potion of attraction {unknown}
 m - a potion of brilliance {unknown}
 p - a potion of magic {unknown}
 r - a potion of berserk rage {unknown}
 v - 2 potions of mutation {unknown}
 w - a potion of lignification {unknown}
 z - 2 potions of haste


   Skills:
 - Level 1.5 Fighting
 * Level 13.6 Ranged Weapons
 - Level 2.4 Dodging
 - Level 1.2 Stealth
 - Level 4.0 Invocations


You had 7 spell levels left.
You didn't know any spells.
Your spell library contained the following spells:

 Spells                   Type           Power      Damage    Failure   Level
 Summon Small Mammal      Summ           0%         N/A       36%         1
 Ensorcelled Hibernation  Hex/Ice        0%         N/A       52%         2
 Passwall                 Tmut/Erth      0%         N/A       52%         2
 Static Discharge         Conj/Air       0%         2-2/arc   52%         2
 Call Canine Familiar     Summ           0%         N/A       75%         3
 Spider Form              Tmut/Pois      0%         N/A       75%         3
 Summon Guardian Golem    Hex/Summ       0%         N/A       75%         3
 Swiftness                Air            0%         N/A       75%         3
 Vhi's Electric Charge    Tloc/Air       0%         N/A       75%         3
 Anguish                  Hex/Necr       0%         N/A       98%         4
 Arcjolt                  Conj/Air       0%         1d10      100%        5
 Lightning Bolt           Conj/Air       0%         1d11      100%        5
 Summon Forest            Summ/Tloc      0%         N/A       100%        5
 Eringya's Noxious Bog    Tmut/Pois      0%         N/A       100%        6
 Summon Hydra             Summ           0%         N/A       100%        7


Dungeon Overview and Level Annotations

Branches:
Dungeon (6/15)             Temple (1/1) D:4

Altars:
Ashenzari
Cheibriados
Fedhas
Gozag
Kikubaaqudgha
Makhleb
Nemelex Xobeh
Okawaru
Qazlal
Sif Muna
Uskayaw
Vehumet
Wu Jian
Xom
Yredelemnul
Zin
The Shining One
Ignis


Message History

The shadow imp is lightly wounded.
You shoot an arrow. The arrow hits the steam dragon.
The steam dragon is heavily wounded.
The shadow imp shouts, "Run away, thou pox-marked folly-fallen scut!"
The steam dragon misses you. x2
You shoot an arrow.
The arrow closely misses the steam dragon.
The arrow hits the shadow imp but does no damage.
The shadow imp is lightly wounded.
The steam dragon bites you.
The steam dragon claws you but does no damage.
You shoot an arrow. The arrow hits the steam dragon!
The steam dragon is almost dead.
The steam dragon bites you.
* * * LOW HITPOINT WARNING * * *
The steam dragon claws you.
* * * LOW HITPOINT WARNING * * *
You shoot an arrow.
The arrow hits the steam dragon but does no damage.
The steam dragon is almost dead.
The steam dragon breathes steam at you. The ball of steam hits you!
Zin protects you from harm!
You shoot an arrow.
The arrow hits the steam dragon but does no damage.
The steam dragon is almost dead.
You are engulfed in a cloud of scalding steam.
* * * LOW HITPOINT WARNING * * *
The steam dragon barely misses you.
The steam dragon claws you but does no damage.
You shoot an arrow. The arrow hits the steam dragon.
The steam dragon is almost dead.
You are engulfed in a cloud of scalding steam.
The steam dragon barely misses you.
The steam dragon claws you but does no damage.
You shoot an arrow.
The arrow hits the steam dragon but does no damage.
The steam dragon is almost dead.
You are engulfed in a cloud of scalding steam.
You die...

##...######....# #. .#
#..............## .#.
#...............##... #
#..#######.......##.#.#####
..###......####.....#.§..D.
####........###...#..§#
##...........##..##.#§...#
...#..........#..##.####.5.
####..........##@D5..# #
####..........#..###...#
..##..........[.## ...#
#.†...........### ####
###..........##
##.......... #....>.....
#......... #.........


You could see a steam dragon (catching breath) and a shadow imp.

Vanquished Creatures
  Pikel (D:5)
  An ice beast (D:6)
  A black bear (D:3)
  2 lemures (D:5)
  Blork the orc (D:6)
  A bullfrog (D:6)
  2 scorpions
  2 necrophages (D:6)
  Crazy Yiuf (D:5)
  2 hounds (D:5)
  An iguana (D:5)
  2 orc wizards (D:6)
  Natasha (thrice) (D:3)
  Robin (D:3)
  3 gnolls (D:5)
  7 adders
  A white imp (D:6)
  4 worms
  4 dart slugs
  7 orcs
  9 ball pythons
  8 endoplasms
  3 giant cockroaches
  15 goblins
  18 hobgoblins
  2 jackals (D:2)
  4 quokkas
  9 bats
  6 frilled lizards
  3 kobolds
  5 rats
  A bush (D:1)
130 creatures vanquished.

Vanquished Creatures (others)
  3 plants (D:1)
3 creatures vanquished.

Grand Total: 133 creatures vanquished

Notes
Turn   | Place    | Note
-------+----------+-------------------------------------------
     0 | D:1      | HoaS the Deep Elf Hunter began the quest for the Orb.
     0 | D:1      | Reached XP level 1. HP: 12/12 MP: 3/3
   194 | D:1      | Reached skill level 6 in Ranged Weapons
   194 | D:1      | Reached XP level 2. HP: 13/16 MP: 4/4
   475 | D:1      | Reached XP level 3. HP: 20/20 MP: 5/5
   598 | D:1      | Reached skill level 7 in Ranged Weapons
  1347 | D:2      | Reached XP level 4. HP: 20/25 MP: 6/6
  1665 | D:2      | Reached skill level 8 in Ranged Weapons
  1770 | D:3      | Noticed Natasha
  1776 | D:3      | Killed Natasha
  1777 | D:3      | Reached XP level 5. HP: 12/29 MP: 7/7
  1873 | D:3      | Found an iron altar of Okawaru.
  1910 | D:3      | Noticed Natasha
  1925 | D:3      | Killed Natasha
  1971 | D:3      | Reached skill level 9 in Ranged Weapons
  1975 | D:3      | Noticed Robin
  1982 | D:3      | Killed Robin
  2041 | D:3      | Found a radiant altar of Vehumet.
  2233 | D:3      | Noticed a black bear
  2246 | D:3      | Killed a black bear
  2247 | D:3      | Reached XP level 6. HP: 6/34 MP: 8/8
  2423 | D:3      | Noticed Natasha
  2430 | D:3      | Killed Natasha
  2431 | D:3      | Reached skill level 10 in Ranged Weapons
  2760 | D:4      | Found a staircase to the Ecumenical Temple.
  2770 | Temple   | Entered the Ecumenical Temple
  2845 | Temple   | Became a worshipper of Zin the Law-Giver
  2845 | Temple   | Reached * piety under Zin
  3381 | D:4      | Reached ** piety under Zin
  3671 | D:5      | Entered Level 5 of the Dungeon
  3780 | D:5      | Reached skill level 1 in Invocations
  3866 | D:5      | Found a runed translucent door.
  3867 | D:5      | Noticed Crazy Yiuf
  3989 | D:5      | Found a glowing golden altar of the Shining One.
  4333 | D:5      | Found a shimmering blue altar of Sif Muna.
  4335 | D:5      | Found a stormy altar of Qazlal.
  4488 | D:5      | Reached XP level 7. HP: 18/38 MP: 10/10
  4592 | D:5      | Noticed Pikel
  4744 | D:5      | Killed Pikel
  4745 | D:5      | Reached skill level 12 in Ranged Weapons
  4888 | D:5      | Killed Crazy Yiuf
  4987 | D:6      | Noticed Blork the orc
  4995 | D:6      | Killed Blork the orc
  4996 | D:6      | Reached XP level 8. HP: 31/43 MP: 11/13
  5209 | D:6      | Reached skill level 13 in Ranged Weapons
  5492 | D:6      | Zin protects you from harm!
  5495 | D:6      | Engulfed by a steam dragon's steam

Illustrated notes

Levels and vault maps discovered:
D:1:      heliophobic_arrival_ceremonial_halls, layout_loops_ring,
          serial_forest, infiniplex_forest_clump_medium,
          infiniplex_forest_clump_small, infiniplex_forest_straight_2,
          infiniplex_forest_straight_3, infiniplex_forest_end_double,
          minmay_box_of_dots
D:2:      layout_rooms, nicolae_wormholes
D:3:      layout_loops_ring, nicolae_vehumet_altar_sigil,
          okawaru_ov_weapons_minmay, uniq_robin, uniq_natasha
D:4:      layout_layer_cave, minmay_temple_entry_stoned_glass,
          hangedman_decor_peaks_small, minmay_misc_feat_tower,
          amcnicky_mini_rare_corridor_liquid, chequers_jeans
D:5:      layout_basic, kennysheep_mini, nicolae_overflow_hidden_temple,
          uniq_crazy_yiuf_cottage, uniq_pikel
D:6:      layout_rooms, mainiacjoe_overflow_24_doors, uniq_blork_the_orc
Temple:   ebering_untended_altars

Skill      XL: |  1  2  3  4  5  6  7  8 |
---------------+-------------------------+-----
Ranged Weapons | 6 7 8 9 10 12 13 | 13.6
Invocations    | 1 4 |  4.0
Fighting       | |  1.5
Dodging        | |  2.4
Stealth        | |  1.2

Action                     |  1- 3 |  4- 6 |  7- 9 || total
---------------------------+-------+-------+-------++-------
   Fire: Shortbow          |   195 |   179 |   116 ||   490
 Invoke: Recite            |       |       |     1 ||     1
    Use: Scroll            |     5 |     7 |     1 ||    13
         Potion            |       |     1 |     2 ||     3
 Armour: Leather armour    |    13 |    16 |    14 ||    43
  Dodge: Dodged            |    37 |    44 |    24 ||   105

Table legend: (Time is in decaauts)
 A = Elapsed time spent in this place.
 B = Non-inter-level travel time spent in this place.
 C = Inter-level travel time spent in this place.
 D = Time resting spent in this place.
 E = Time spent auto-exploring this place.
 F = Levels seen in this place.
 G = Mean time per level.
                   A        B        C        D        E       F      G
               +--------+--------+--------+--------+--------+-----+--------+
         Total |   5540 |   5253 |    287 |    827 |   3448 |   7 |  791.4 |
       Dungeon |   5452 |   5177 |    275 |    827 |   3409 |   6 |  908.7 |
        Temple |     87 |     75 |     12 |      0 |     39 |   1 |   87.0 |
               +--------+--------+--------+--------+--------+-----+--------+

Top non-repeatable levels by time:
     D:5: 1268 daAuts
     D:1: 1161 daAuts
     D:4: 998 daAuts
     D:3: 865 daAuts
     D:2: 628 daAuts
     D:6: 530 daAuts
  Temple: 87 daAuts
